 Dungeon Crawl Stone Soup version 0.29-a0-330-g52719c12eb (webtiles) character file.

Game seed: 8782667538810988985

1714 Crownlay the Cleaver (level 9, -3/112 HPs)
             Began as a Hill Orc Fighter on May 23, 2022.
             Was a Believer of Okawaru.
             Slain by an orc wizard
             ... wielding a +0 dagger of venom
              (4 damage)
             ... on level 7 of the Dungeon.
             The game lasted 00:10:25 (6193 turns).

Crownlay the Cleaver (Hill Orc Fighter)             Turns: 6193, Time: 00:10:26

Health: -3/112     AC:  8    Str: 23    XL:     9   Next: 4%
Magic:  14/14      EV:  9    Int:  8    God:    Okawaru [**....]
Gold:   366        SH: 11    Dex: 22    Spells: 8/8 levels left

rFire   . . .      SeeInvis .   a - +0 war axe
rCold   . . .      Faith    .   c - +0 buckler
rNeg    . . .      Spirit   .   b - +0 scale mail
rPois   .          Reflect  +   (no helmet)
rElec   .          Harm     .   r - +0 cloak
rCorr   .          Rampage  .   (no gloves)
Will    .....                   (no boots)
Stlth   ..........              B - amulet of reflection
HPRegen 0.28/turn               n - +6 ring of dexterity
MPRegen 0.14/turn               u - +6 ring of dexterity

@: mighty, berserking, lethally poisoned (-3 -> -13), very quick
A: no striking features
a: Renounce Religion, Heroism


You were on level 7 of the Dungeon.
You worshipped Okawaru.
Okawaru was pleased with you.
You visited 2 branches of the dungeon, and saw 8 of its levels.

You collected 366 gold pieces.

Inventory:

Hand Weapons
 a - a +0 war axe (weapon)
Armour
 b - a +0 scale mail (worn)
 c - a +0 buckler (worn)
 r - a +0 cloak (worn)
 C - a +0 tower shield
Jewellery
 n - a +6 ring of dexterity (left hand)
 u - a +6 ring of dexterity (right hand)
 x - a ring of poison resistance
 z - the ring "Qiuclontoe" {rF+ Str+4 Slay-3 SInv Stlth-}
   (You found it on level 4 of the Dungeon)

   [ring of protection from fire]

   Str:       It affects your strength (+4).
   Slay:      It affects your accuracy & damage with ranged weapons and melee
   (-3).
   rF:        It protects you from fire.
   SInv:      It lets you see invisible.
   Stlth:     It makes you less stealthy.
 B - an amulet of reflection (around neck)
Wands
 f - a wand of flame (35)
 A - a wand of iceblast (1)
Scrolls
 e - 3 scrolls of enchant armour
 g - a scroll of fog {unknown}
 h - a scroll of magic mapping {unknown}
 i - 6 scrolls of teleportation
 m - a scroll of fear {unknown}
 q - a scroll of immolation {unknown}
 t - 5 scrolls of enchant weapon
Potions
 d - 3 potions of might
 j - 2 potions of mutation
 k - 3 potions of brilliance
 o - 3 potions of attraction
 p - a potion of ambrosia
 v - a potion of curing {unknown}
 w - a potion of flight {unknown}


   Skills:
 - Level 6.0 Fighting
 + Level 11.1 Axes
 - Level 3.2 Armour
 - Level 5.0 Shields
 + Level 7.0 Invocations


You had 8 spell levels left.
You didn't know any spells.
Your spell library contained the following spells:

 Spells                   Type           Power      Damage    Failure   Level
 Magic Dart               Conj           0%         1d3       80%         1
 Sandblast                Erth           0%         2d4       80%         1
 Passwall                 Tmut/Erth      0%         N/A       91%         2
 Searing Ray              Conj           0%         2d4       91%         2
 Dazzling Flash           Conj/Hex       0%         N/A       99%         3
 Stone Arrow              Conj/Erth      0%         3d7       99%         3
 Fulminant Prism          Conj/Hex       0%         3d6       100%        4
 Iskenderun's Mystic Bla  Conj/Tloc      0%         2d3       100%        4
 Starburst                Conj/Fire      0%         6d3       100%        6


Dungeon Overview and Level Annotations

Branches:
Dungeon (7/15)             Temple (1/1) D:5

Altars:
Ashenzari
Cheibriados
Elyvilon
Fedhas
Gozag
Hepliaklqana
Kikubaaqudgha
Makhleb
Okawaru
Qazlal
Ru
Sif Muna
Trog
Uskayaw
Vehumet
Wu Jian
Yredelemnul
Zin
The Shining One

Shops:
D:4 *


Message History

Something hits you but does no damage.
You are lethally poisoned!
You barely miss something.
* * * LOW HITPOINT WARNING * * *
You feel very sick.
A gnoll sergeant comes into view. It is wielding a +1 spear of venom.
You hear some strange, mumbled words.
Something tries to affect you, but you resist.
You barely miss something.
* * * LOW HITPOINT WARNING * * *
You feel very sick.
The gnoll sergeant shouts!
You closely miss something. You closely miss the ufetubus.
* * * LOW HITPOINT WARNING * * *
You feel sick. You block the ufetubus's attack. The ufetubus misses you.
A gnoll comes into view. It is wielding a +0 halberd.
Something hits you.
* * * LOW HITPOINT WARNING * * *
You closely miss something. You closely miss the ufetubus.
* * * LOW HITPOINT WARNING * * *
You feel very sick. You block the ufetubus's attack. The ufetubus misses you.
A gnoll comes into view. It is wielding a +0 flail.
Something hits you but does no damage.
You are more poisoned.
You slash the ufetubus!
You kill the ufetubus!
You barely miss something.
* * * LOW HITPOINT WARNING * * *
You feel very sick.
Your Invocations skill increases to level 7!
You closely miss something.
* * * LOW HITPOINT WARNING * * *
You feel sick. You block something's attack.
You are too berserk!
You hit something but do no damage.
* * * LOW HITPOINT WARNING * * *
You feel very sick. Something hits you.
You die...

..........†...#
.#####<#..#.#####
#.#>........
#...g.......
####g#.#####
#.######)#.#
.....)..)g.#
........().######.#
#.######.@.........
## ###.######.#
...####.#
........######.#
#..............#
#...###.########
########.#
.........#
###.####.#


You could see a gnoll sergeant and 2 gnolls.

Vanquished Creatures
  Maggie (D:7)
  A water moccasin (D:6)
  2 ice beasts (D:6)
  A sky beast (D:7)
  An ogre (D:5)
  2 centaurs
  A phantom (D:6)
  2 bullfrogs
  A necrophage (D:6)
  A scorpion (D:5)
  2 howler monkeys (D:7)
  3 hounds (D:5)
  A jelly (D:5)
  An orc priest (D:7)
  An iguana (D:6)
  2 orc wizards
  2 gnolls (D:7)
  3 adders
  2 white imps
  3 ufetubi
  2 dart slugs
  8 orcs
  8 endoplasms
  2 giant cockroaches
  5 goblins
  8 hobgoblins
  4 jackals (D:1)
  8 kobolds
  9 quokkas
  4 ball pythons
  11 bats
  8 frilled lizards
  6 rats
  A bush (D:1)
117 creatures vanquished.

Vanquished Creatures (others)
  5 plants (D:1)
5 creatures vanquished.

Grand Total: 122 creatures vanquished

Notes
Turn   | Place    | Note
-------+----------+-------------------------------------------
     0 | D:1      | Crownlay the Hill Orc Fighter began the quest for the Orb.
     0 | D:1      | Reached XP level 1. HP: 19/19 MP: 1/1
    55 | D:1      | Reached skill level 3 in Axes
    56 | D:1      | Reached XP level 2. HP: 27/27 MP: 2/2
   297 | D:1      | Reached XP level 3. HP: 31/33 MP: 3/3
  1216 | D:2      | Reached skill level 4 in Axes
  1441 | D:2      | Reached XP level 4. HP: 38/40 MP: 4/4
  1528 | D:2      | Found a faded altar of an unknown god.
  2649 | D:4      | Found Gytovih's Neck Hole.
  3038 | D:4      | Reached XP level 5. HP: 38/47 MP: 5/5
  3137 | D:4      | Identified the ring "Qiuclontoe" {rF+ Str+4 Slay-3 SInv
                  | Stlth-}
  3625 | D:5      | Entered Level 5 of the Dungeon
  3644 | D:5      | Reached skill level 5 in Axes
  4039 | D:5      | Reached skill level 5 in Shields
  4050 | D:5      | Reached XP level 6. HP: 28/55 MP: 6/6
  4295 | D:5      | Reached skill level 5 in Fighting
  4295 | D:5      | Reached skill level 6 in Axes
  4601 | D:5      | Found a staircase to the Ecumenical Temple.
  4618 | Temple   | Entered the Ecumenical Temple
  4730 | Temple   | Became a worshipper of Warmaster Okawaru
  4875 | D:5      | Reached skill level 7 in Axes
  4875 | D:5      | Reached XP level 7. HP: 52/61 MP: 7/7
  5139 | D:6      | Reached * piety under Okawaru
  5140 | D:6      | Reached skill level 1 in Invocations
  5148 | D:6      | Reached skill level 8 in Axes
  5463 | D:6      | Reached ** piety under Okawaru
  5464 | D:6      | Reached skill level 9 in Axes
  5464 | D:6      | Reached XP level 8. HP: 31/70 MP: 10/10
  5722 | D:6      | Found an opulent altar of Gozag.
  5969 | D:6      | Found a radiant altar of Vehumet.
  6149 | D:7      | Noticed Maggie
  6151 | D:7      | Reached skill level 10 in Axes
  6158 | D:7      | Reached skill level 5 in Invocations
  6170 | D:7      | Killed Maggie
  6176 | D:7      | Reached skill level 11 in Axes
  6176 | D:7      | Reached XP level 9. HP: 8/75 MP: 12/14
  6182 | D:7      | HP: 3/75 [poisoned by an orc wizard]
  6183 | D:7      | HP: 1/75 [poisoned by an orc wizard]
  6191 | D:7      | HP: 5/112 [poisoned by an orc wizard]
  6193 | D:7      | HP: 1/112 [poisoned by an orc wizard]
  6193 | D:7      | Slain by an orc wizard

Illustrated notes

Levels and vault maps discovered:
D:1:      dpeg_arrival_simpleton_b, layout_basic, serial_forest,
          infiniplex_forest_corner_1, infiniplex_forest_end_double,
          infiniplex_forest_lined_room_2, infiniplex_forest_end_2,
          infiniplex_forest_clump_small, moated_statue, st_stairs_14
D:2:      layout_basic, ebering_ecumenical_altar_hall,
          kennysheep_generic_room_15
D:3:      layout_basic
D:4:      minmay_wonky_spiral, layout_layer_cave,
          nicolae_shop_sticking_my_neck_out
D:5:      layout_loops_ring, temple_fountains
D:6:      layout_rooms, mainiacjoe_overflow_surrounded_room, pf_just_have_faith,
          minmay_misc_feat_square
D:7:      layout_loops_ring, nicolae_dithmenos_through_a_glass_darkly,
          uniq_maggie, uniq_duvessa, uniq_pikel
Temple:   mainiacjoe_temple_bowtie_tessellation

Skill      XL: |  1  2  3  4  5  6  7  8  9 |
---------------+----------------------------+-----
Axes           | 3 4 5 7 9 11 | 11.1
Fighting       | 4 5 6 |  6.0
Shields        | 4 5 |  5.0
Invocations    | 3 6 7 |  7.0
Armour         | |  3.2

Action                   |  1- 3 |  4- 6 |  7- 9 || total
-------------------------+-------+-------+-------++-------
Melee: War axe           |   171 |   147 |   115 ||   433
Invok: Heroism           |       |       |     1 ||     1
  Use: Scroll            |       |     8 |     2 ||    10
       Potion            |       |       |     5 ||     5
Armor: Scale mail        |    71 |    65 |    49 ||   185
Dodge: Dodged            |    79 |    53 |    37 ||   169
Block: Buckler           |    46 |    50 |    52 ||   148
       Reflection        |       |     6 |     3 ||     9

Table legend: (Time is in decaauts)
 A = Elapsed time spent in this place.
 B = Non-inter-level travel time spent in this place.
 C = Inter-level travel time spent in this place.
 D = Time resting spent in this place.
 E = Time spent auto-exploring this place.
 F = Levels seen in this place.
 G = Mean time per level.
                   A        B        C        D        E       F      G
               +--------+--------+--------+--------+--------+-----+--------+
         Total |   6296 |   6126 |    170 |      0 |   5096 |   8 |  787.0 |
       Dungeon |   6157 |   6014 |    143 |      0 |   5010 |   7 |  879.6 |
        Temple |    139 |    112 |     27 |      0 |     86 |   1 |  139.0 |
               +--------+--------+--------+--------+--------+-----+--------+

Top non-repeatable levels by time:
     D:5: 1347 daAuts
     D:1: 1170 daAuts
     D:4: 1048 daAuts
     D:6: 1014 daAuts
     D:2: 885 daAuts
     D:3: 612 daAuts
  Temple: 139 daAuts
     D:7: 78 daAuts
